 Dungeon Crawl Stone Soup version 0.18.1-48-g4cf74bf (webtiles) character file.

13 mopl the Skirmisher (level 2, 0/16 HPs)
             Began as a Vine Stalker Wanderer on Aug 29, 2016.
             Slain by a hobgoblin (1 damage)
             ... on level 1 of the Dungeon.
             The game lasted 00:00:43 (141 turns).

mopl the Skirmisher (Vine Stalker Wanderer)          Turns: 141, Time: 00:00:43

Health: 0/16       AC:  2    Str: 14    XL:     2   Next: 37%
Magic:  0/4        EV: 12    Int: 13    God:
Gold:   24         SH:  0    Dex: 12    Spells: 0 memorised, 1 level left

rFire  . . .     SeeInvis .     c - +0 spear
rCold  . . .     Gourm    .     e - +0 robe
rNeg   . . .     Faith    .     (no shield)
rPois  .         Spirit   +     (no helmet)
rElec  .         Dismiss  .     (no cloak)
rCorr  .         Reflect  .     (no gloves)
SustAt .         Harm     .     (no boots)
MR     .....                    (no amulet)
Stlth  ++........               (no ring)
                                (no ring)

@: not resistant to hostile enchantments, unstealthy
A: fangs 2, regeneration 1, magic shield, antimagic bite, no device heal 3, rot
immunity
a: no special abilities


You were on level 1 of the Dungeon.
You were not hungry.

You visited 1 branch of the dungeon, and saw 1 of its levels.

You collected 24 gold pieces.

Inventory:

Hand Weapons
 c - a +0 spear (weapon)
 h - a +0 dagger
Armour
 e - a +0 robe (worn)
Scrolls
 i - a scroll of fog {unknown}
 j - a scroll of teleportation {unknown}
Potions
 a - a potion of berserk rage {!q}
 b - a potion of heal wounds
 d - a potion of curing
 g - 2 potions of agility {unknown}
Comestibles
 f - a bread ration


   Skills:
 + Level 3.1 Fighting
 + Level 0.1 Short Blades
 + Level 0.5 Throwing
 - Level 1.5 Dodging
 + Level 1.0 Stealth
 - Level 3.0 Unarmed Combat
   Level 1.7 Evocations


You had one spell level left.
You didn't know any spells.

Dungeon Overview and Level Annotations

Branches:
Dungeon (1/15)

Altars:


Innate Abilities, Weirdness & Mutations

You have extremely sharp teeth.
Your natural rate of healing is unusually fast.
When hurt, damage is shared between your health and your magic reserves.
Your bite disrupts and absorbs the magic of your enemies.
Potions and wands cannot restore your health.
You are immune to rotting.


Message History

You closely miss the hobgoblin. The hobgoblin barely misses you.
You hit the hobgoblin but do no damage. Your bite misses the hobgoblin.
The hobgoblin closely misses you.
You barely miss the hobgoblin. The hobgoblin hits you.
* * * LOW HITPOINT WARNING * * *
The hobgoblin barely misses you.
You hit the hobgoblin.
The hobgoblin is lightly wounded.
The hobgoblin hits you but does no damage.
You barely miss the hobgoblin. Your bite misses the hobgoblin.
The hobgoblin is lightly wounded.
The hobgoblin hits you.
* * * LOW HITPOINT WARNING * * *
You closely miss the hobgoblin.
The hobgoblin is lightly wounded.
The hobgoblin hits you but does no damage.
You closely miss the hobgoblin.
The hobgoblin is lightly wounded.
The hobgoblin hits you.
You die...

.....## ......
.....# #....
#...# #...##
#b)..# #######
#g##.## #.....#
#@##..# #.....#
#.....##
#.<...#
##.....#
#.(...#
##....###.....#
#.#...######'#
#.#...# ##†###
#.#.#.# #.†...
#...#.# #.....
##....# #.....


You could see a hobgoblin and a bat.

Vanquished Creatures
  A dart slug (D:1)
  A goblin (D:1)
  3 hobgoblins (D:1)
  A bat (D:1)
  2 giant newts (D:1)
  3 kobolds (D:1)
  A rat (D:1)
12 creatures vanquished.

Notes
Turn   | Place    | Note
--------------------------------------------------------------
     0 | D:1      | mopl the Vine Stalker Wanderer began the quest for the Orb.
     0 | D:1      | mopl set off with: a potion of berserk rage {!q}, a potion of heal wounds, a +0 spear, a potion of curing, a +0 robe, a bread ration
     0 | D:1      | Reached XP level 1. HP: 11/11 MP: 3/3
    56 | D:1      | Reached XP level 2. HP: 10/16 MP: 2/4
    61 | D:1      | Reached skill level 3 in Fighting
    71 | D:1      | Reached skill level 1 in Stealth
   141 | D:1      | Slain by a hobgoblin

Skill      XL: |  1  2 |
---------------+-------+-----
Fighting       | 3 |  3.1
Stealth        | 1 |  1.0
Short Blades   | |  0.1
Throwing       | |  0.5
Dodging        | |  1.5
Unarmed Combat | |  3.0
Evocations     | |  1.7

Action                   || total
-------------------------++-------
Melee: Spear             ||    46
       Bite              ||    12
       Punch             ||     1
Armor: Robe              ||    10
Dodge: Dodged            ||    34
